 Dungeon Crawl Stone Soup version 0.24.0-29-g8ce449bc06 (webtiles) character file.

Game seed: 453181990058311742, levelgen mode: deterministic

44 Matador8 the Grasshopper (level 3, -1/32 HPs)
             Began as a Naga Warper on Nov 16, 2019.
             Slain by a goblin (2 damage)
             ... on level 1 of the Dungeon.
             The game lasted 00:06:30 (1710 turns).

Matador8 the Grasshopper (Naga Warper)              Turns: 1710, Time: 00:06:32

Health: -1/32      AC:  2    Str: 14    XL:     3   Next: 62%
Magic:  0/6        EV:  9    Int: 13    God:
Gold:   29         SH:  0    Dex: 10    Spells: 4/6 levels left

rFire    . . .     SeeInvis +   a - +0 mace
rCold    . . .     Gourm    .   (no shield)
rNeg     . . .     Faith    .   b - +0 leather armour
rPois    +         Spirit   .   (no helmet)
rElec    .         Reflect  .   (no cloak)
rCorr    .         Harm     .   (no gloves)
MR       .....                  (no barding)
Stlth    ++........             (no amulet)
HPRegen  0.10/turn              (no ring)
MPRegen  0.10/turn              (no ring)

@: very slightly contaminated, very slow
A: large, see invisible, deformed body, poison resistance, slowness 2, slow
metabolism 1, spit poison 1, AC +1
a: Spit Poison


You were on level 1 of the Dungeon.
You were very hungry.

You visited 1 branch of the dungeon, and saw 2 of its levels.

You collected 29 gold pieces.

Inventory:

Hand Weapons
 a - a +0 mace (weapon)
Missiles
 e - 5 boomerangs of dispersal (quivered)
Armour
 b - a +0 leather armour (worn)
Scrolls
 d - a scroll of blinking
 h - a scroll of amnesia {unknown}
 l - a scroll of remove curse {unknown}
Potions
 c - a potion of might
 g - a potion of flight {unknown}
 i - a potion of resistance {unknown}
 j - 2 potions of curing {unknown}
 k - a potion of agility {unknown}
Comestibles
 f - 4 rations


   Skills:
 - Level 2.0 Fighting
 * Level 3.1 Maces & Flails
 - Level 1.1 Throwing
 - Level 0.7 Armour
 - Level 1.5 Dodging
 + Level 2.3 Stealth
 - Level 2.0 Spellcasting
 + Level 3.2 Translocations


You had 4 spell levels left.
You knew the following spells:

 Your Spells              Type           Power        Failure   Level  Hunger
a - Blink                 Tloc           N/A          13%         2    ###....

Your spell library contained the following spells:

 Spells                   Type           Power        Failure   Level  Hunger
 Shroud of Golubria       Chrm/Tloc      #.....       26%         2    ###....
 Gell's Gravitas          Tloc           #.........   26%         3    ####...
 Lesser Beckoning         Tloc           #.........   26%         3    ####...
 Teleport Other           Tloc           #.......     26%         3    ####...
 Passage of Golubria      Tloc           N/A          65%         4    #####..


Dungeon Overview and Level Annotations

Branches:
Dungeon (2/15)

Altars:


Innate Abilities, Weirdness & Mutations

You cannot wear boots.
Your serpentine skin is tough. (AC +1)
You have supernaturally acute eyesight. (SInv)
Armour fits poorly on your strangely shaped body.
Your system is resistant to poisons. (rPois)
You cover ground very slowly.
You have a slow metabolism.
You can spit poison.


Message History

You blink.
Casting: Blink (safe; 13% risk of failure)
Confirm with . or Enter, or press ? or * to list all spells.
You miscast Blink.
You are very lightly contaminated with residual magic.
You feel uncomfortable. The goblin hits you.
* * * LOW HITPOINT WARNING * * *
Casting: Blink (safe; 13% risk of failure)
Confirm with . or Enter, or press ? or * to list all spells.
You miscast Blink.
You feel a wrenching sensation. The goblin barely misses you.
Unknown command.
Unknown command.
Unknown command.
Unknown command.
Unknown command.
Unknown command.
Unknown command.
The goblin hits you.
You die...

####.####..........#.#.#
##..#.. #.#
#.........#.##.###..##.. #.#
#...........##.##..###.. #.#
#.#.......####.#..## #.. #.#
##.#.......# #.#...###.. #.#
#..#.......# #.#....##..
#.###.#........####.#.##..#..
#...................#.##..##.
#####.#.####@#............#≈#
#.#.# #g.....###.##..#≈≈
#.#.# #......# #.##..###
#.#.# #...#### #........
#.#.####...######.##.....
#..........!...##.#####..
###........###.##.# ##.
######..## #.##.# #.
#######...####....######.


You could see a goblin.

Vanquished Creatures
  An ooze (D:1)
  3 dart slugs (D:1)
  A leopard gecko (D:1)
  A giant cockroach (D:1)
  6 goblins
  4 hobgoblins (D:1)
  5 kobolds
  6 bats (D:1)
  A frilled lizard (D:1)
  A rat (D:1)
29 creatures vanquished.

Notes
Turn   | Place    | Note
-------+----------+-------------------------------------------
     0 | D:1      | Matador8 the Naga Warper began the quest for the Orb.
     0 | D:1      | Reached XP level 1. HP: 19/19 MP: 3/3
    17 | D:1      | Reached skill level 1 in Throwing
   197 | D:1      | Reached XP level 2. HP: 11/26 MP: 5/5
   405 | D:1      | Reached skill level 1 in Stealth
   423 | D:1      | Learned a level 2 spell: Blink
   753 | D:1      | Reached XP level 3. HP: 15/32 MP: 6/6
  1707 | D:1      | HP: 1/32 [goblin (3)]
  1710 | D:1      | Slain by a goblin

Levels and vault maps discovered:
D:1:      psy_arrival_dodecagon, layout_loops_ring, minmay_tetromino_i2
D:2:      layout_loops_cross, grunt_ministairs_2

Skill      XL: |  1  2  3 |
---------------+----------+-----
Throwing       | 1 |  1.1
Stealth        | 1 2 |  2.3
Maces & Flails | 3 |  3.1
Fighting       | |  2.0
Armour         | |  0.7
Dodging        | |  1.5
Spellcasting   | |  2.0
Translocations | |  3.2

Action                   || total
-------------------------++-------
Melee: Mace              ||    80
 Cast: Blink             ||     2
 Abil: Spit Poison       ||    10
 Stab: Sleeping          ||     1
  Eat: Chunk             ||     1
Armor: Leather armour    ||    38
Dodge: Dodged            ||    59
